 Dungeon Crawl Stone Soup version 0.29-a0-885-gb26ba3297d (webtiles) character file.

Game seed: 13243844621859250501

169 bande the Trooper (level 5, 0/34 HPs)
             Began as a Gargoyle Fighter on July 21, 2022.
             Slain by a water moccasin (4 damage)
             ... on level 4 of the Dungeon.
             The game lasted 00:04:53 (3284 turns).

bande the Trooper (Gargoyle Fighter)                Turns: 3284, Time: 00:04:53

Health: 0/34       AC: 13    Str: 20    XL:     5   Next: 50%
Magic:  5/5        EV:  7    Int:  8    God:
Gold:   204        SH:  4    Dex: 11    Spells: 4/4 levels left

rFire   . . .      SeeInvis .   a - +1 war axe (drain)
rCold   . . .      Faith    .   c - +0 buckler
rNeg    + . .      Spirit   .   b - +0 chain mail
rPois   ∞          Reflect  .   (no helmet)
rElec   +          Harm     .   (no cloak)
rCorr   .          Rampage  .   (no gloves)
Will    .....                   (no boots)
Stlth   ..........              (no amulet)
HPRegen 0.11/turn               (no ring)
MPRegen 0.09/turn               (no ring)

@: no status effects
A: sickness immunity, AC +4, negative energy resistance 1, electricity
resistance, torment resistance 1, petrification resistance
a: no special abilities


You were on level 4 of the Dungeon.
You visited 1 branch of the dungeon, and saw 4 of its levels.

You collected 204 gold pieces.

Inventory:

Hand Weapons
 a - a +1 war axe of draining (weapon)
Armour
 b - a +0 chain mail (worn)
 c - a +0 buckler (worn)
 l - a +2 ring mail of fire resistance
Jewellery
 i - a ring of fire
Scrolls
 h - 2 scrolls of identify
 n - a scroll of teleportation
Potions
 d - 2 potions of might
 e - a potion of curing
 f - a potion of flight
 g - a potion of resistance
 o - a potion of cancellation


   Skills:
 + Level 4.5 Fighting
 + Level 3.2 Axes
 + Level 4.1 Armour
 - Level 0.5 Stealth
 + Level 3.8 Shields


You had 4 spell levels left.
You didn't know any spells.
Your spell library contained the following spells:

 Spells                   Type           Power      Damage    Failure   Level
 Wereblood                Tmut           0%         N/A       100%        2
 Frozen Ramparts          Ice            0%         1d2       100%        3
 Ice Form                 Ice/Tmut       0%         N/A       100%        4
 Summon Ice Beast         Ice/Summ       0%         N/A       100%        4
 Summon Hydra             Summ           0%         N/A       100%        7
 Sublimation of Blood     Necr           Unusable   N/A       N/A         2

Dungeon Overview and Level Annotations

Branches:
Dungeon (4/15)
 Temple: D:4-7

Altars:
Dithmenos
Gozag
Kikubaaqudgha
Qazlal
Uskayaw

Annotations:
D:4 1 runed translucent door, jimonade's ghost, novice KoHu


Innate Abilities, Weirdness & Mutations

You are immune to sickness and miasma.
Your stone body is resilient. (AC +4)
You are immune to poison.
You resist negative energy. (rN+)
You are resistant to electric shocks. (rElec)
You are resistant to unholy torment.
You are immune to petrification.


Message History

The water moccasin is heavily wounded.
The water moccasin bites you but does no damage.
The water moccasin bites you.
You completely miss the water moccasin.
The water moccasin is heavily wounded.
The water moccasin barely misses you. The water moccasin bites you.
You barely miss the water moccasin.
The water moccasin is heavily wounded.
The water moccasin bites you.
* * * LOW HITPOINT WARNING * * *
The water moccasin bites you but does no damage.
You miss the water moccasin.
The water moccasin is heavily wounded.
The water moccasin bites you but does no damage.
The water moccasin bites you.
* * * LOW HITPOINT WARNING * * *
You barely miss the water moccasin.
The water moccasin is heavily wounded.
You block the water moccasin's attack. The water moccasin barely misses you.
You closely miss the water moccasin.
The water moccasin is heavily wounded.
The water moccasin bites you but does no damage.
The water moccasin closely misses you.
You closely miss the water moccasin.
The water moccasin is heavily wounded.
The water moccasin seems less drained.
You block the water moccasin's attack.
You miss the water moccasin.
The water moccasin is heavily wounded.
The water moccasin bites you.
* * * LOW HITPOINT WARNING * * *
You block the water moccasin's attack.
You feel better.
The water moccasin bites you but does no damage.
The water moccasin bites you.
* * * LOW HITPOINT WARNING * * *
You closely miss the water moccasin.
The water moccasin is heavily wounded.
The water moccasin bites you but does no damage.
The water moccasin bites you.
You die...

#................. ##
#................ [.##
#................
....####................
.....#......[...........
........)!#.............
.........###...........#
....#....# ###.........#
......S@## ####.....#
..>.$..#..# ###..
....... ....# ......#
..[...# ..>... .......
.....# <...... ....#
....... .... .......


You could see a water moccasin.

Vanquished Creatures
  2 hounds
  Jessica (D:2)
  2 adders
  A worm (D:3)
  A dart slug (D:2)
  4 orcs (D:3)
  3 bats (D:2)
  6 endoplasms
  3 giant cockroaches
  4 goblins
  7 hobgoblins
  3 jackals (D:3)
  4 quokkas
  4 ball pythons
  3 frilled lizards
  3 kobolds
  3 rats
54 creatures vanquished.

Notes
Turn   | Place    | Note
-------+----------+-------------------------------------------
     0 | D:1      | bande the Gargoyle Fighter began the quest for the Orb.
     0 | D:1      | Reached XP level 1. HP: 14/14 MP: 1/1
   148 | D:1      | Reached XP level 2. HP: 19/19 MP: 2/2
   791 | D:2      | Reached XP level 3. HP: 16/24 MP: 3/3
  1070 | D:2      | Noticed Jessica
  1079 | D:2      | Killed Jessica
  1080 | D:2      | Reached XP level 4. HP: 15/30 MP: 4/4
  1722 | D:2      | Found an ancient bone altar of Kikubaaqudgha.
  2133 | D:3      | Found a stormy altar of Qazlal.
  2218 | D:3      | Found a shadowy altar of Dithmenos.
  2325 | D:3      | Found an opulent altar of Gozag.
  2354 | D:3      | Reached XP level 5. HP: 34/34 MP: 5/5
  2588 | D:3      | Found a hide-covered altar of Uskayaw.
  3223 | D:4      | Found a runed translucent door.
  3223 | D:4      | Noticed jimonade's ghost (novice KoHu)
  3258 | D:4      | Noticed a water moccasin
  3284 | D:4      | Slain by a water moccasin

Illustrated notes

Levels and vault maps discovered:
D:1:      dpeg_arrival_short_road, layout_loops_ring
D:2:      layout_loops_cross, basic_altar, chequers_serial_rivers_micro_d,
          minmay_misc_feat_alley, uniq_jessica
D:3:      layout_basic, eat_drink_and_be_merry_uskayaw, grunt_gozag_breadcrumbs,
          mainiacjoe_overflow_concentric_impassable,
          nicolae_dithmenos_through_a_glass_darkly
D:4:      layout_cave_pods, hellmonk_ghost_happy_afterlife, grunt_ministairs_10,
          uniq_menkaure

Skill      XL: |  1  2  3  4  5 |
---------------+----------------+-----
Axes           | 2 3 |  3.2
Fighting       | 4 |  4.5
Armour         | 4 |  4.1
Stealth        | |  0.5
Shields        | |  3.8

Action                   |  1- 3 |  4- 6 || total
-------------------------+-------+-------++-------
Melee: War axe           |    55 |    89 ||   144
  Use: Scroll            |     5 |     8 ||    13
       Potion            |       |     1 ||     1
Armor: Scale mail        |    13 |       ||    13
       Ring mail         |     6 |    12 ||    18
       Chain mail        |       |    45 ||    45
Dodge: Dodged            |    30 |    51 ||    81
Block: Buckler           |    10 |    22 ||    32

Table legend: (Time is in decaauts)
 A = Elapsed time spent in this place.
 B = Non-inter-level travel time spent in this place.
 C = Inter-level travel time spent in this place.
 D = Time resting spent in this place.
 E = Time spent auto-exploring this place.
 F = Levels seen in this place.
 G = Mean time per level.
                   A        B        C        D        E       F      G
               +--------+--------+--------+--------+--------+-----+--------+
         Total |   3343 |   3287 |     56 |    368 |   2396 |   4 |  835.8 |
       Dungeon |   3343 |   3287 |     56 |    368 |   2396 |   4 |  835.8 |
               +--------+--------+--------+--------+--------+-----+--------+

Top non-repeatable levels by time:
     D:2: 1266 daAuts
     D:3: 1065 daAuts
     D:1: 792 daAuts
     D:4: 217 daAuts
